[Event "44th Chess Olympiad Open 2022"]
[Site "Chennai"]
[Date "2022.08.07"]
[Round "9.8"]
[White "Markus, Robert"]
[Black "Suleymenov, Alisher"]
[Result "1-0"]
[WhiteElo "2616"]
[BlackElo "2467"]
[Annotator "TA"]
[PlyCount "89"]
[EventDate "2022.??.??"]
[TimeControl "60"]

1. d4 Nf6 2. Nf3 g6 3. c3 Bg7 4. Bf4 O-O 5. Nbd2 d6 6. h3 c5 {[%emt 0:01:11] A48:1 d4
Nf6 2 Nf3 g6: Torre, London and Colle Systems.} 7. dxc5 $1 {[%emt 0:00:22] is
recently more successful than 7.e3.} dxc5 8. e4 Nc6 {[%emt 0:05:57] The position is equal.} 9. Be2 b6 10. O-O Nh5 11.
Bh2 Bb7 12. Qc2 Bh6 13. Rfd1 {[%emt 0:02:02] [#]} Bf4 $146 ({
Predecessor:} 13... Nf4 14. Bf1 Qd6 15. Kh1 Qf6 16. Re1 Rad8 17. Rad1 Ne5 {
½-½ (17) Postny,E (2557)-Mikhalevski,V (2562) Safed 2021}) 14. Nc4 Qc7 15. Bxf4 Nxf4 16. Bf1 Ba6 17. Qa4 Bxc4 18. Qxc4 Na5 {[%emt 0:03:33] Pair
of Knights!} 19. Qa4 Rad8 {[%emt 0:00:21] Inhibits Rd7.} 20.
b4 Nc6 21. bxc5 bxc5 22. g3 Nh5 23. Rd5 Na5 (23... Rxd5 $14 24. exd5 Ne5) 24. Rb1 $16 {
[%emt 0:05:26] Rb5 is the strong threat.} a6 {[%emt 0:07:06] Prevents Rb5.} 25.
Rxd8 $1 {[%emt 0:04:26] White is more active.} (25. Bxa6 Nxg3 26. Rxd8 Rxd8 $11
) 25... Rxd8 26. e5 ({Inferior is} 26. Bxa6
Nxg3 27. e5 Nf5 $11) 26... c4 {[%emt 0:05:34] [#]} 27. Qb4 $1 Ng7 {[%emt 0:00:57][%cal Yh5g7,Yg7e6,Ye6c5,Yc5e4] [#]} 28. Qb6 (28. Nd4 $1 $18) 28... Ne6 $14 29. Qxa6 {[%emt 0:00:19]
aiming for Rb6.} Nc5 30. Qb5 Ne4 31. Qb2 {[%emt 0:00:54] Threatening Qc2.} (31. e6 {feels hotter.} f5 32.
Qb4 Qa7 33. Rb2) 31... Qc5 32. Nd4 Nxc3 {[%emt 0:02:02] Remove Defender} 33. Qxc3 Rxd4 34. a4 Nc6 {[%emt 0:04:18] Prevents Rb8+.} (
34... Qxe5 $2 35. Rb5 Qf6 36. Rxa5 $18) 35. Rb5 Qa7 36. Bxc4 Rd1+ 37. Kg2 Nd4 38. Rd5 {[%emt 0:
04:28][%cal Ye5e6] And now e6! would win.} Qb7 39. f3 $36 {
[%emt 0:01:05] White is more active.} Qb1 40. Rxd4 Rh1 {[%emt 0:01:42] This costs Black the game.} (40... Rc1 $16 41. Qe3
(41. Rd8+ Kg7 $11) 41... Rxc4 42. Rxc4 Qa2+ 43. Qf2 Qxc4) 41. Qe3 {[%emt 0:35:
00] White is clearly winning.} Re1 42. Be2 Qa1 43. Re4 {[%emt 0:00:00] Strongly threatening e6.} Rh1 (43... e6 $142 44. Qf2 Rb1) 44. g4 h5 45. gxh5 {[%emt 0:00:00] Weighted Error Value:
White=0.28 (precise) /Black=0.14 (very precise)} 1-0

[Event "44th Chess Olympiad Open 2022"]
[Site "Chennai"]
[Date "2022.08.07"]
[Round "9.8"]
[White "Perunovic, Milos"]
[Black "Urazayev, Arystanbek"]
[Result "1/2-1/2"]
[WhiteElo "2539"]
[BlackElo "2430"]
[Annotator "TA"]
[PlyCount "150"]
[EventDate "2022.??.??"]
[TimeControl "60"]

1. e4 e5 2. Nf3 Nc6 3. Bb5 a6 4. Ba4 Nf6 5. O-O Be7 6. d3 b5 7. Bb3 d6 8. Bd2 {
[%emt 0:03:42] C84: Closed Ruy Lopez: Unusual White 6th moves.} Bg4 9. c3 {[%emt 0:00:07] Prevents Nd4.} O-O 10. h3 Bh5 11. Re1 Na5 12. Bc2 c5 13. Bc1 Nc6 14. Nbd2 d5 15. Qe2 d4 16. Nf1 {[%emt 0:03:47] [#]} Re8 $146 ({Predecessor:} 16... Rc8 17. Ng3 Bg6 18. Bd2 Nd7 19. Bb3 Nb6
20. cxd4 Nxd4 21. Nxd4 Qxd4 22. Bc3 Qd6 {1-0 (34) Huschenbeth,N (2616)-Rafiee,
M (2322) Guatemala City 2020}) 17. Bd2 Bf8 18. g4 Bg6 19. Ng3 Rc8 20. a3 c4 21. Rad1 Qb6 22. Bc1 (22. dxc4 {looks sharper.
} bxc4 23. Qxc4 Na5 24. Qa2) 22... dxc3 23. bxc3 cxd3 24. Rxd3 Na5 25.
Nh4 Red8 26. Red1 Rxd3 27. Rxd3 Qe6 28. Nhf5 Qa2 (28... Nb7 $17) 29. Qd1 (
29. Bg5 $1 $11 {remains equal.}) 29... h6 30. Rf3 Kh7 31. g5 hxg5 32.
Bxg5 Nh5 (32... Qxa3 33. Bxf6 gxf6 34. h4
Rxc3 35. Rxc3 Qxc3 36. Qd8 Qe1+ 37. Kg2 $11) 33. Nh4 Rc6 34. Nxg6 Rxg6 35. Nxh5 Rxg5+ 36. Ng3 $1 Bc5 (36... Rg6 $1 $15 37. Bb1 Rd6 38. Bxa2 Rxd1+ 39. Kg2 f6) 37.
Kg2 $11 Nc4 (37... Qxa3 $2 38. h4 Rxg3+ 39.
Rxg3 $18) 38. h4 Rg6 {[%emt 0:01:25] White must now prevent ..
.Rd6.} 39. Rf5 Rh6 $36 {[%emt 0:04:55][%cal Yc5f2] Black has
the initiative.} (39... Nxa3 $2 40. Bb3 Qb1 41. Qh5+ Rh6 42. Qxf7 Qxb3 43. Qxb3
$18) ({Don't play} 39... Qxa3 40. Rxf7 Be3 41. Bb3 $16) 40. Kh3 Be7 (40... Qxa3 41. Rxf7 Nd6 42. Rf3
$16) (40... Nxa3 $2 41. Bb3 Qb1 42. Qd5 Bxf2 43. Qxf7 $18) 41. h5 ({Better is} 41. Nh5 $1 $11 Rd6 42. Qg4) 41... Rf6 ({
But not} 41... Qxa3 42. Rxf7 Rf6 43. Rxf6 Bxf6 44. Qg4 $11) (41... Rd6 $15 42.
Qg4 Kg8) 42. Rxf6 Bxf6 (42... gxf6 $2 43. Qd5
Kg8 44. h6 $1 $18) 43. h6 $1 Nb2 (43... g6 $2
44. Qf3 Nxa3 45. Qxf6 $18) 44. Qf3 (44. Qd5 $1 $11 Qxd5 45.
exd5+ g6 46. d6) 44... Qe6+ $15 ({Much worse is} 44... Qxa3
45. hxg7 Bxg7 46. Qxf7 $14) 45. Kg2 g6 46.
Bb3 $1 Nc4 47. a4 (47. Bxc4
$15 bxc4 48. Qe3) 47... Bg5 $17 48. axb5 axb5 49. Bxc4 bxc4 {[%emt 0:00:46] Endgame KQB-KQN
} 50. Nf1 Bxh6 51. Ne3 $2 (
51. Qe2 $17 {is tougher.}) 51... Bxe3 $19 52. Qxe3 {[%emt 0:
00:01] KQ-KQ} (52. fxe3 Kg7 53. Qg3) 52... Qg4+ 53. Kf1 Qd1+ 54. Kg2 Qd3 {[%emt 0:03:
25] ( -> ...Qxe3)} 55. Qe1 Kg7 56. f3 Kf6 57. Kg3 {[%emt 0:00:24] [#]} Ke6 $2 (57... g5 $1 $19 {And now ...Kg6 would win.} 58. Qc1 Qe2) 58.
Qa1 $11 Qe2 59. Qa5 Qe1+ 60. Kg2 Qd2+ 61. Kg3 Qd3 62. Kg4 $2 (62. Qb6+ $11
{and White is okay.} Ke7 63. Qa7+ Kf6 64. Qa5) 62... Kf6 $2 (
62... f5+ $19 63. exf5+ gxf5+ 64. Kh4 Qd6) 63. Kg3 {[%emt 0:00:21] The
position is equal.} Qf1 {[%emt 0:00:00] aiming for ...Qg1+.} 64. Qd8+ $1 Kg7 65. Qa5 $1 Qg1+ 66. Kh3 Qf1+ 67. Kg3 f6 68. Qd8 $1 Qg1+ 69. Kh3 Qc5 70. Kg3 g5 71. Qd7+ Kg6 72. Qe8+ Kg7 {[%emt 0:00:32] Threatens to win with ...Qg1+.} 73. Qd7+ Kg6 74. Qe8+ Kg7 {[%emt 0:00:02] Strongly
threatening ...Qg1+.} 75. Qd7+ Kg6 {[%emt 0:00:02] Black had
all chances to win. Weighted Error Value: White=0.20 (precise) /Black=0.13 
(very precise)} 1/2-1/2

[Event "44th Chess Olympiad Open 2022"]
[Site "Chennai"]
[Date "2022.08.07"]
[Round "9.8"]
[White "Kazhgaleyev, Murtas"]
[Black "Ivanisevic, Ivan"]
[Result "1/2-1/2"]
[WhiteElo "2536"]
[BlackElo "2561"]
[Annotator "TA"]
[PlyCount "118"]
[EventDate "2022.??.??"]
[TimeControl "60"]

1. d4 Nf6 2. c4 e6 3. Nc3 Bb4 4. e3 O-O 5. Bd3 d5 6. a3 dxc4 7. Bxc4 Bd6 8. Nf3 Nc6 9. Nb5 Be7 10. O-O a6 11. Nc3 Bd6 12.
h3 e5 13. Qc2 Bd7 {[%emt 0:
00:00] E51: Nimzo-Indian: Rubinstein: 4...0-0 5 Nf3 d5.} 14. Rd1 (14. Re1 {is interesting.} h6 15. b4 exd4 16. exd4 Qc8 17. Bxh6 Bxh3 18.
Qg6) 14... Qc8 15. d5 Ne7 {
[%emt 0:01:28][%cal Yd7h3] White is slightly better.} 16. Bf1 Ng6 {[%emt 0:04:49] [#]} 17. b3 $146 ({Predecessor:} 17. Bd2
c6 18. dxc6 Bxc6 19. Be1 Bc7 20. Rac1 Bxf3 21. gxf3 Nh4 22. Bg2 Re8 23. Ne2
Nxg2 24. Kxg2 Bb6 25. Rd6 Qxc2 26. Rxc2 {0-1 (37) Damljanovic,B (2495)-Zajic,M
(2485) Kragujevac 2019}) 17... h6 18. Bb2 Bf5 19. e4 Bd7 20. Nd2 Nh7 21. Ne2 Ng5 22.
Ng3 {[%emt 0:06:25] [#]} Nf4 (22... Bxh3 $1 $11 23. gxh3 Nxh3+
24. Bxh3 Qxh3) 23. Nc4 $14 f5 24. exf5 (24. Bxe5 Nfxh3+ $1 25. Kh2 fxe4 $1 26. gxh3 (26. Bxd6 Rxf2 27.
Nd2 Nf3+ 28. Kh1 Qd8 $19) 26... Nf3+ 27. Kh1 Bxe5 28. Nxe5 Nxe5 29. Qxe4 Nf3
$17) 24... Bxf5 25. Nxf5 Qxf5 26. Qxf5 Rxf5 27. h4 Ne4 28. g3 Bc5 29.
gxf4 Nxf2 30. Kh2 Rxf4 $15 (30... Nxd1 31. Rxd1 Rxf4 32. Bxe5 Rxh4+ 33. Kg3 $11) 31. Bxe5 (31. Nxe5 $2 Nxd1 32. Rxd1 Rf2+ 33. Kh1 Rxb2 $19) 31... Rxh4+ 32. Kg2 $1 Rg4+ {[%emt 0:00:07] Black has
compensation.} 33. Bg3 (33. Kh2 $11 {keeps the balance.})
33... Ne4 ({Of course not} 33... Nxd1 $6 34. Rxd1 Rf8 35. Kh3
$11) 34. Rd3 ({Much worse is} 34. Kf3 h5 35. Bxc7 b5 $17)
34... Rf8 ({Better is} 34... b5 $1 $15 35. Nd2 (35. Ne5 Rxg3+
36. Rxg3 Nxg3 $17) 35... Rxg3+ 36. Rxg3 Nxd2) 35. Kh3 $11 Rg5 36. Be2 Nf2+ (
36... b5 $15 37. Nd2 Rxg3+ 38. Rxg3 Nxd2) 37. Bxf2 Rxf2 (37... Bxf2 $11 {remains equal.} 38. Bg4 Kh8) 38. Bg4 (38. Bf3 $16) 38... b5 {[%emt 0:00:22] [#]} 39. Nd2 (
39. d6 $1 $16 cxd6 40. Nxd6) 39... Bd6 40. Rh1 {[%emt 0:02:47] Inhibits Rh2+.} Rf4 {[%emt 0:01:23]
Inhibits Ne4.} (40... Re5 $5 41. Nf3 Ree2 $14) 41. Rg1 Kh7 42. Nf3 Rg6 43.
Nh4 Rgf6 44. Rf3 {[%emt 0:00:00] Threatens
to win with Rxf4.} g5 {[%emt 0:00:38] ...h5 is the strong threat.} 45. Rxf4 Rxf4 46. Nf3 Bxa3 47. Ra1 Bd6 48. Rxa6 Rb4 49. Ra8 Kg7 50. Re8 Rxb3 51. Re6 Rd3 52. Bh5 b4 53. Rg6+ Kh7
{[%emt 0:01:03][%cal Yd3f3] aiming for ... Rxf3+!} 54. Rf6 (
54. Re6 $11 Kg7 55. Rg6+ Kh7 56. Re6 Kg7) 54... b3 (54... Rc3
$15) 55. Bg6+ {[%emt 0:01:34] The position is equal.} Kg7 {[%emt 0:00:02]
Hoping for ...Re3.} 56. Bxd3 Kxf6 57. Kg4 b2 58. Bb1 Bf4 59. Ba2 Ke7 {[%emt 0:03:19] Weighted Error Value:
White=0.16 (very precise) /Black=0.19 (very precise)} 1/2-1/2

[Event "44th Chess Olympiad Open 2022"]
[Site "Chennai"]
[Date "2022.08.07"]
[Round "9.9"]
[White "Vallejo Pons, Francisco"]
[Black "Andersen, Mads"]
[Result "1/2-1/2"]
[WhiteElo "2702"]
[BlackElo "2587"]
[Annotator "TA"]
[PlyCount "61"]
[EventDate "2022.??.??"]
[TimeControl "60"]

1. e4 e5 2. Nf3 Nc6 3. Bc4 Nf6 4. Ng5 d5 5. exd5 Na5 6. Bb5+ c6 7. dxc6 bxc6 8. Bd3 Nd5 {[%emt 0:00:37] C58:
Two Knights: 4 Ng5 d5 5 exd5 Na5 sidelines.} 9. Nf3 ({Weaker
is} 9. Qh5 g6 10. Nxf7 gxh5 $17) 9... Bd6 10. O-O O-O {[%emt 0:01:25] White is slightly better.} 11. Re1 f5
{[%emt 0:00:18] [#] White must now prevent ...e4.} 12. Nxe5 Qf6 $1 ({Less strong is} 12... Qh4 13. Bf1 $18) 13. Nf3 g5 $1 14. g3 {[%emt 0:05:21] aiming for Nc3.}
f4 15. Nc3 $1 {[%emt 0:04:02] Ne4 is the strong threat.} fxg3
{[%emt 0:03:05] [#]} (15... Nxc3 {looks sharper.} 16. dxc3 fxg3 17. hxg3 Bg4)
16. hxg3 {[%emt 0:02:58][%cal Yc3e4] Strongly threatening Ne4!} Qxf3 (16... Nxc3 17. dxc3) 17. Qxf3 {[%emt 0:07:55] Remove Defender. Really
sharp!} Rxf3 18. Be4 $1 Rf7 {
[%emt 0:00:58] Threatens to win with ...Bc5.} 19. Nxd5 cxd5 20. Bxd5 Bb7 {[%emt 0:00:00] [#]} 21. Bxb7
$146 ({Predecessor:} 21. Bxf7+ Kxf7 22. d4 Rg8 23. b3 Bf3 24.
d5 Rg6 25. Re6 Rxe6 26. dxe6+ Kxe6 27. Bxg5 {½-½ (49) Sindarov,J (2609)
-Kovalev,V (2623) Warsaw 2021}) 21... Rxb7 22. d4 Nc4 $36 {[%emt 0:18:35] Black is pushing.} 23. b3 Bb4 24. Rd1 Bc3 25. Rb1 Re8 26. Bxg5 Na3 ({But not} 26... Nb2 27. Rdc1 $11) 27. Rbc1 Bb2 28. c4 Bxc1 29. Rxc1 Re2 30. c5 Rf7 31. c6 {[%emt 0:09:45] Weighted Error Value: White=0.04 (flawless) /
Black=0.01 (flawless)} 1/2-1/2

[Event "44th Chess Olympiad Open 2022"]
[Site "Chennai"]
[Date "2022.08.07"]
[Round "9.9"]
[White "Iturrizaga Bonelli, Eduardo"]
[Black "Rasmussen, Allan Stig"]
[Result "1-0"]
[WhiteElo "2619"]
[BlackElo "2550"]
[Annotator "TA"]
[PlyCount "57"]
[EventDate "2022.??.??"]
[TimeControl "60"]

1. d4 f5 2. Bf4 Nf6 3. e3 d6 4. Nf3 g6 5. Bc4 Bg7 6. h3 {[%emt 0:01:40] A80: Dutch Defence: Unusual
White second moves.} e6 7. g4 Qe7 8. Nc3 {[%emt 0:03:23][%cal Yb1c3,Yc3b5,Yb5c7] The
position is equal.} Nbd7 {[%emt 0:06:18] [#]} 9. Bb3 $146 ({
Predecessor:} 9. gxf5 exf5 10. Bb3 Nb6 11. Bg5 h6 12. Bxf6 Bxf6 13. a4 a5 14.
Qd2 Bd7 15. O-O-O {0-1 (34) Heinemann,C (2234)-Watson,R (2245) ICCF email 2019}
) 9... e5 10. Bg5 Nb6 {[%emt 0:11:34]
Inhibits Nd5.} 11. a4 $36 {[%emt 0:19:59] a5 is the strong threat. White has
some pressure.} a5 $1 12. dxe5 dxe5 13. Nb5 {[%emt 0:00:36] Threatens to win with Rg1.} h6 $2 {[%emt 0:05:
34] [#]} (13... fxg4 $11 {and Black is okay.} 14. Nh4 gxh3) 14. Nxe5 (14. Nh4 $1 $18 hxg5 15. Nxg6) 14... hxg5 $4 {[%emt 0:
10:31] A mistake that costs the game.} (14... Qxe5 $16 15. Bf4 Qc5) 15. Bf7+
$18 {[%emt 0:00:59] White is clearly winning.} Qxf7 16. Nxf7 Kxf7 17. Nxc7 {[%emt 0:00:24] aiming for Qd6.}
Bd7 18. Qd6 Nc8 19. Qc5 Rb8 20. O-O-O {[%emt 0:00:14][%cal Yd1d7]
Strongly threatening Rxd7+!} Rd8 21. gxf5 gxf5 22. Rhg1 Ne4 {[%emt 0:05:39] [#]} 23.
Rxd7+ $1 Rxd7 24. Qxf5+ Nf6 25. Qe6+ Kf8 26. Qe5 {
[%emt 0:00:03] Hoping for Ne6+.} Nd6 27. Ne6+ Kg8 28. Rxg5 {[%emt 0:00:22] White threatens Qxf6 and mate.}
Rf8 29. Nxg7 {[%emt 0:00:54] Weighted Error Value: White=0.14
(very precise) /Black=0.70} 1-0

[Event "44th Chess Olympiad Open 2022"]
[Site "Chennai"]
[Date "2022.08.07"]
[Round "9.9"]
[White "Bjerre, Jonas Buhl"]
[Black "Shirov, Alexei"]
[Result "1/2-1/2"]
[WhiteElo "2608"]
[BlackElo "2704"]
[Annotator "TA"]
[PlyCount "98"]
[EventDate "2022.??.??"]
[TimeControl "60"]

1. Nf3 d5 2.
g3 Bg4 3. Bg2 Nd7 4. c4 e6 5. cxd5 exd5 6. h3 Bxf3 7. Bxf3 Ngf6 8. d3 Bd6 9. O-O O-O 10. Nc3 c6 11. e4 dxe4 {[%emt 0:10:44] A11:
English Opening: 1...c6.} 12. dxe4 Be5 13.
Qc2 {[%emt 0:10:59] [#]} Nc5 $146 ({Predecessor:} 13... Re8
14. Bg2 Qe7 15. Re1 Nc5 16. Be3 Rad8 17. Rad1 Bxc3 18. bxc3 Rxd1 19. Qxd1 Ncxe4
20. Bxa7 {0-1 (38) Lammens,T (2268)-Hammer,J (2636) Warsaw 2010}) 14. Be3 Qd3 15. Rac1 Qxc2 16. Rxc2 Ne6 17. Rd1 Rfd8 18. Rcd2 Rxd2 19. Rxd2 g5 20. Bg4 h5 21. Bxe6 fxe6 {[%emt 0:00:05] The position is equal.} 22.
f3 ({Much weaker is} 22. Bxg5 Bxc3 23. bxc3 Nxe4 24. Rd8+ Rxd8
25. Bxd8 Nxc3 $17) 22... g4 23. hxg4 hxg4 24. fxg4 Nxg4 25. Bf4 Bxc3 26. bxc3 $11 {[%emt 0:00:12] Endgame
KRB-KRN} e5 27. Bg5 Rf8 28.
Kg2 Rf7 29. Rd6 Nf2 30. Rg6+ Kh7 31. Rf6 Rxf6 32. Bxf6 {[%emt 0:00:02] KB-KN} Ng4 33. Be7 Ne3+ 34. Kf3 Nc4 35. Ke2 b5 36. g4 Kg6 37. Kd3 a6 38. Bd8 Nd6 39. Be7 Nf7 40. c4 Ng5 41.
cxb5 axb5 42. a3 Ne6 43. Kc3 c5 44. Kb3 Kf7 45. Bd6 Kf6 46.
a4 Nd4+ 47. Kb2 {[%emt 0:02:25] [#]
Threatens to win with a5.} bxa4 48. Bxc5 Nb5 49. Bg1 Kg5 {[%emt 0:00:31] An interesting
draw. Weighted Error Value: White=0.03 (flawless) /Black=0.02 (flawless)}
1/2-1/2

[Event "44th Chess Olympiad Open 2022"]
[Site "Chennai"]
[Date "2022.08.07"]
[Round "9.9"]
[White "Thybo, Jesper Sondergaard"]
[Black "Santos Latasa, Jaime"]
[Result "0-1"]
[WhiteElo "2520"]
[BlackElo "2675"]
[Annotator "TA"]
[PlyCount "116"]
[EventDate "2022.??.??"]
[TimeControl "60"]

1. d4 Nf6 2. c4 g6 3. Nc3 d5 4. cxd5 Nxd5 5. e4 Nxc3 6.
bxc3 Bg7 7. Qa4+ Nd7 8. Nf3 O-O 9. Be2 {[%emt 0:00:53] D85: Exchange Grünfeld: Unusual White
7th moves and lines with 7 Nf3.} Nb6 10. Qb4 {[%emt 0:00:00]
is currently scoring better than 10.Qa3.} Qd6 11. O-O {
[%emt 0:03:10] [#] The position is equal.} Be6 $146 ({
Predecessor:} 11... Bd7 12. Be3 Qxb4 13. cxb4 Bc6 14. Nd2 f5 15. f3 Rfd8 16. b5
Be8 17. Nb3 Bf7 {½-½ (36) Yu,Y (2763)-Wei,Y (2721) Khanty-Mansiysk 2019}) 12.
Rd1 Qxb4 (12... Rfc8 {keeps more tension.}
13. Qb1 c5 14. a4 Bc4) 13. cxb4 Na4 14. Bd2 {
[%emt 0:09:41] Prevents Nc3.} Rfd8 15. Bb5 (
15. Rac1 $11) 15... Nb2 $15 16. Rdc1 c6 $36 {
[%emt 0:01:59] Black is pushing.} 17. Bc3 Nc4 18. Ba4 (18. Bxc4 $15 Bxc4 19. Ne5) 18... Nd6 {[%emt 0:00:29]
Black is more active.} 19. Nd2 a6 20. a3 Nb5 21. Bxb5 axb5 22. Nf3 Bc4 23. Ne5 Bb3 {[%emt 0:08:14] This bishop pair is nice.} 24. f3 f6 25. Ng4 f5 26. exf5 gxf5 27. Ne5 Bxe5 28. dxe5 Kf7 29. Be1 Ke6 30. Rc3 Bc4 31. a4 f4 32. a5 Rd5 33. h3 Rxe5 {[%emt 0:01:06] White is now going downhill.} 34. Bf2 Kf5 35. Re1 Rxe1+ 36. Bxe1 $17 {[%emt 0:00:01] Endgame KRB-KRB} Rd8 {[%emt 0:00:26]
Threatens to win with ...Rd1.} 37. Rc1 {[%emt 0:01:21] Prevents Rd1.} e5 38. Bf2 Rd2 39. Bc5 {[%emt 0:
01:27] [#]} Bd3 $1 40. Bf2 Rb2 41. Rd1 e4 42. fxe4+ (
42. Bc5 $17) 42... Bxe4 $19 ({Weaker is} 42... Kxe4 43. Bc5
$15) 43. Rd7 Rxb4 44. Rxb7 (
44. Rxh7 $142 Bd5 45. Rxb7) 44... Ra4 45. Ra7 $2 (45. Bc5 {was necessary.}) 45... b4 46. Rb7 Bd3 47. Be1 Bb5 {[%emt 0:00:00] [#]
White must now prevent ...Ra1.} 48. Rf7+ Ke5 49. Rxh7 b3 ({Not} 49... Ra1 $2 50. Kh2 Rb1
51. h4 $19) 50. Bc3+ Ke4 51. Rd7 Rc4 52. Bg7 (52. Bh8 $142) 52... Rc1+ 53. Kh2 Rc2 {[%emt 0:00:00] aiming for ...f3.}
54. Rd4+ (54. Re7+ $142 Kf5 55. Bd4) 54... Kf5 {[%emt 0:00:00]
...f3 is the strong threat.} 55. Rb4 f3 56.
Bd4 Rxg2+ 57. Kh1 Rd2 {
[%emt 0:00:00][%cal Yd2d4] ( -> . ..Rxd4!)} 58. Kg1 b2 {
[%emt 0:00:00] Weighted Error Value: White=0.53/Black=0.17 (very precise)} 0-1

[Event "44th Chess Olympiad Open 2022"]
[Site "Chennai"]
[Date "2022.08.07"]
[Round "9.10"]
[White "Kuzubov, Yuriy"]
[Black "Kuybokarov, Temur"]
[Result "1-0"]
[WhiteElo "2642"]
[BlackElo "2583"]
[Annotator "TA"]
[PlyCount "73"]
[EventDate "2022.??.??"]
[TimeControl "60"]

1. Nf3 d5 2. d4 Nf6 3. c4 dxc4 4. e3 e6 5. Bxc4 a6 6. O-O Nbd7 7. a4 c5 8. Nc3 cxd4 9. exd4 Be7 10. Bg5 O-O 11. Re1 Nb6 12.
Bb3 Nfd5 {[%emt 0:11:19] [#] E54: Nimzo-Indian: Rubinstein:
Main Line: 7...dxc4 8 Bxc4.} 13. h4 $146 ({Predecessor:} 13.
Bxe7 Nxe7 14. Qd3 Ned5 15. Bc2 g6 16. Bb3 a5 17. Ne4 Bd7 18. Ne5 Bc6 19. Qh3
Kg7 20. Ng4 {½-½ (44) Taimanov,M-Kortschnoj,V Buenos Aires 1960}) 13... a5 14. Qd3 Nb4 {[%emt 0:03:19] White is slightly
better.} 15. Qe4 Bf6 16. Rad1 N6d5 17. Qg4 Kh8 18. Ne5 Ra6 19. Rc1 Ra8 20. Ne4 {[%emt 0:03:09][%cal Yc1c3] Rc3! is the strong threat.} Be7 21. Bxe7 Qxe7 22. Ng5 $1 $40
{[%emt 0:00:18] aiming for Qh5. Black is in trouble.} Kg8 {[%emt 0:00:00] [#]}
23. Qe4 $1 Nf6 {[%emt 0:00:00] [#]} 24.
Qf3 {[%emt 0:00:58] White is much more active. The black rooks are badly
placed.} ({White should try} 24. Qb1 $1 $16 {Hoping for Nexf7.} Nc6 25. Qd3 (
25. Nxc6 bxc6 26. Rc4 Rb8 $11)) 24... Nc6 25. d5 ({Much weaker is} 25. Nxc6 bxc6 26. Rc5 (26. Qxc6 Rb8 $11) (26. Rxc6 Bb7
$15) 26... Rb8 $14) 25... Nd4 26. Qd3 Nxb3 27. Ng4 ({White has to play} 27. Qxb3 $16 {
Strongly threatening Nexf7.} Nxd5 28. Qd3) 27... Rd8 $2 {[%emt 0:01:01] This
costs Black the game.} 28. d6 (28. Nxf6+ $142 Qxf6 29. Qxh7+
Kf8 30. Rc7) 28... Rxd6 $18 29. Nxf6+ Qxf6 30. Qxd6 e5 31. Qxe5 Be6 (31... Qxe5 $142 32. Rxe5 Bd7)
32. Rc3 ({Not} 32. Nxe6 Qxe5 33. Rxe5 Nxc1 $16) 32... Qxe5 33. Rxe5 Nd4 34. Nxe6 Nxe6 35. Rb3 Ra7 36. Rbb5 b6 37.
Rxb6 {[%emt 0:00:05] Weighted Error Value: White=0.38/ Black=0.23 (precise)}
1-0

[Event "44th Chess Olympiad Open 2022"]
[Site "Chennai"]
[Date "2022.08.07"]
[Round "9.10"]
[White "Onyshchuk, Volodymyr"]
[Black "Zhao, Zong-Yuan"]
[Result "1/2-1/2"]
[WhiteElo "2612"]
[BlackElo "2513"]
[Annotator "TA"]
[PlyCount "66"]
[EventDate "2022.??.??"]
[TimeControl "60"]

1. Nf3 d5 2. g3 Nf6 3. Bg2 c6 4. O-O Bg4 5. d3 Nbd7 6. Nbd2 e5 7. e4 Be7 {[%emt 0:06:27] A07: Réti Opening: New York and
Capablanca Systems.} 8. h3 Bh5 9. exd5 Nxd5 {[%emt 0:00:06] [#] The position is equal.} 10. g4 $146 ({Predecessor:} 10. Re1 f6 11. Ne4 O-O 12. g4 Bf7 13. d4 Re8
14. Bd2 Qc7 15. dxe5 Nxe5 16. Nxe5 fxe5 {½-½ (26) Esposito,L (2464)-Romm,M 
(2457) ICCF email 2019}) 10... Bg6 11. Nc4 Qc7 12. Re1 f6 13. Nh4 (13. d4 $5 ) 13...
O-O-O 14. d4 exd4 15. Bxd5 cxd5 16. Rxe7 {[%emt 0:00:08] [#] Threatens
to win with Na3.} Qxc4 17. Bf4 $1 Ne5 18. Rxg7 {[%emt 0:08:57] Strongly threatening g5.} Bxc2 19. Qd2 Rd7 20. Rc1 d3 (20... Rxg7 $2 21. Rxc2 d3 22. Rxc4+ dxc4 23. Qa5
$18) 21. Rxd7 Kxd7 22. b3 Qc5 23. Re1 Re8 24. Bg3 (24. g5 $15) 24... a5 {[%emt 0:06:21] And now ...Qb4 would win.
} 25. Bxe5 $2 (25. Bf4 $17) 25... fxe5 $19 26. Qh6 Qc3 $2 (26... Re6 $19 27. Qxh7+ Qe7
28. Qxe7+ Rxe7) 27. Nf3 $15 e4 $2 (27... Kc8
$19 {Hoping for ...e4.} 28. Nd2 Kb8) 28. Qxh7+ $11 Re7 29. Qf5+ (29. Qh5 $11 Qc5 30. Nd2) 29... Kd6 (29... Kc6 $1 $15 30. Qg6+ (30. Qc8+ $2 Rc7 $19) 30... Kc5) 30.
Qf4+ Kd7 (30... Kc6 $11) 31. Qf5+ $15 Kd6 (31... Kc6 $5 32. Qg6+ (32.
Qc8+ $2 Rc7 $19) 32... Kc7 $11) 32. Qf4+ Kd7 33. Qf5+ {[%emt 0:01:10] [#]} Kd6 {[%emt 0:01:16] Weighted Error Value:
White=0.14 (very precise) /Black=0.39} (33... Kc6 $1 $17 34. Qg6+ (34. Qc8+ $2
Rc7 $19) 34... Kc7) 1/2-1/2

[Event "44th Chess Olympiad Open 2022"]
[Site "Chennai"]
[Date "2022.08.07"]
[Round "9.10"]
[White "Smirnov, Anton"]
[Black "Volokitin, Andrei"]
[Result "1/2-1/2"]
[WhiteElo "2600"]
[BlackElo "2674"]
[Annotator "TA"]
[PlyCount "46"]
[EventDate "2022.??.??"]
[TimeControl "60"]

1. d4 Nf6 2. c4 e6 3. Nc3 Bb4 4. e3 O-O 5. Bd3 d5 6. a3 Bxc3+ 7. bxc3 dxc4 8. Bxc4 c5 9. Ne2 Qc7 10. Bd3 b6 {[%emt 0:03:25] 10...Nc6
gains popularity.} 11. e4 {[%emt 0:02:29] E49: Nimzo-Indian: Rubinstein: 5 Bd3
d5 6 a3 Bxc3+ 7 bxc3.} Ba6 12. Bxa6 Nxa6 {
[%emt 0:00:04][%cal Yb8a6,Ya6c5,Yc5b3,Yb3a1] [#]} 13. f3 $146 {[%emt 0:00:08]
White has an edge.} ({Predecessor:} 13. Qd3 Nb8 14. O-O Nbd7 15. Bg5 cxd4 16.
cxd4 Rac8 17. f3 h6 18. Bh4 Qc2 19. Qe3 {½-½ (90) Sarana,A (2666)-Parligras,
M (2575) Warsaw 2021}) 13... e5 14. Bg5 cxd4 15. Bxf6 (15. cxd4 {is more complex.} exd4
16. Bxf6 gxf6 17. Qxd4 f5 18. O-O) 15... gxf6 16. cxd4 exd4 17. Qxd4 Nc5 18. O-O Nb3 {[%emt 0:03:12][%csl Ya1,Yd4] The
position is equal.} 19. Qxf6 Nxa1 20. Qg5+ Kh8 {[%emt 0:00:07] [#] ...f6 is the strong threat.} 21. Qf6+ Kg8 {[%emt 0:00:04] Strongly threatening ... Qc5+.} 22. Qg5+ Kh8 {[%emt 0:00:04] Threatens to win with ... f6.} 23. Qf6+ Kg8 {[%emt 0:00:02] Weighted Error Value: White=0.08 (flawless)
/Black=0.08 (flawless)} 1/2-1/2